 Dungeon Crawl Stone Soup version 0.22-a0-396-g3f858e3 (webtiles) character file.

145 Borgoz the Cudgeler (level 5, -1/32 HPs)
             Began as a Gargoyle Gladiator on May 3, 2018.
             Killed by divine providence
             ... invoked by an orc priest
              (16 damage)
             ... on level 3 of the Dungeon.
             The game lasted 00:03:04 (1778 turns).

Borgoz the Cudgeler (Gargoyle Gladiator)            Turns: 1778, Time: 00:03:07

Health: -1/32      AC:  8    Str: 18    XL:     5   Next: 27%
Magic:  5/5        EV: 12    Int:  8    God:
Gold:   174        SH:  0    Dex: 12    Spells: 4/4 levels left

rFire    . . .     SeeInvis .   a - +0 flail
rCold    . . .     Gourm    .   (no shield)
rNeg     + . .     Faith    .   b - +0 leather armour
rPois    ∞         Spirit   .   c - +0 helmet
rElec    +         Reflect  .   (no cloak)
rCorr    .         Harm     .   (no gloves)
MR       .....                  (no boots)
Stlth    ..........             (no amulet)
HPRegen  0.10/turn              t - ring of flight
MPRegen  0.09/turn              o - ring of loudness (curse)

@: no status effects
A: negative energy resistance 1, electricity resistance, unbreathing,
petrification resistance, rot immunity, AC +4
a: Evoke Flight


You were on level 3 of the Dungeon.
You were not hungry.

You visited 1 branch of the dungeon, and saw 3 of its levels.

You collected 174 gold pieces.

Inventory:

Hand Weapons
 a - a +0 flail (weapon)
Missiles
 d - 3 throwing nets (quivered)
Armour
 b - a +0 leather armour (worn)
 c - a +0 helmet (worn)
Jewellery
 j - a +3 ring of intelligence
 o - a cursed ring of loudness (right hand)
 t - a ring of flight (left hand)
Scrolls
 e - 3 scrolls of identify {unknown}
 g - a scroll of fear {unknown}
 h - 2 scrolls of immolation {unknown}
 m - a scroll of enchant weapon {unknown}
 n - a scroll of fog {unknown}
 p - 2 scrolls of teleportation {unknown}
 r - a scroll of blinking {unknown}
Potions
 i - 3 potions of haste {unknown}
 k - a potion of resistance {unknown}
 l - a potion of lignification {unknown}
 q - a potion of curing {unknown}
 u - a potion of heal wounds {unknown}
Comestibles
 f - 5 rations


   Skills:
 + Level 3.2 Fighting
 * Level 4.3 Maces & Flails
 - Level 1.7 Throwing
 + Level 2.1 Armour
 + Level 3.0 Dodging


You had 4 spell levels left.
You didn't know any spells.

Dungeon Overview and Level Annotations

Branches:
Dungeon (3/15)

Altars:


Innate Abilities, Weirdness & Mutations

You are resistant to torment.
Your stone body is resilient. (AC +4)
You are immune to poison.
You resist negative energy. (rN+)
You are resistant to electric shocks. (rElec)
You can survive without breathing.
You are immune to petrification.
You are immune to rotting.


Message History

The orc priest closely misses you.
You hit the orc priest but do no damage.
The orc hits you but does no damage. The orc priest misses you.
You hit the orc priest but do no damage.
The orc completely misses you.
The orc priest hits you but does no damage.
You barely miss the orc priest. The orc hits you with a hand axe.
The orc priest hits you but does no damage.
You sock the orc priest!
The orc priest is heavily wounded.
The orc closely misses you.
The orc priest calls down the wrath of Beogh upon you.
You barely resist. You hit the orc priest.
The orc priest is almost dead.
The orc hits you with a hand axe.
The orc priest invokes the aid of Beogh against you.
Beogh smites you!
Ouch! That really hurt!
You die...

####.#######.#....#######
.##.# #..# #.#....# #.#
####..## #.#....# #.#
.......# #.#....# #.#
######.## #.#....# #.#
#..# #.#....# #..
#######.####.#....######
##.####
................)o..(...
.......
....##....##.#..@o#####
##.####
....##....##.#.(.......#
#..#
....#####.............(#
#.<# ....#
#..............# #.##
....# ##........!.$!.#
#.(. ....#
#.#'#####.....# ####
##### #.#.# .....# #.#.#
..?..# ..... ....


You could see an orc priest and an orc.

Vanquished Creatures
  An orc priest (D:3)
  5 adders
  2 worms (D:2)
  2 dart slugs
  3 orcs (D:3)
  A giant cockroach (D:2)
  4 goblins
  6 hobgoblins
  12 jackals
  A quokka (D:2)
  7 bats
  6 kobolds
  8 rats
58 creatures vanquished.

Notes
Turn   | Place    | Note
-------+----------+-------------------------------------------
     0 | D:1      | Borgoz the Gargoyle Gladiator began the quest for the Orb.
     0 | D:1      | Reached XP level 1. HP: 12/12 MP: 1/1
   127 | D:1      | Reached XP level 2. HP: 9/18 MP: 2/2
   480 | D:1      | Reached skill level 1 in Armour
   771 | D:2      | Reached XP level 3. HP: 12/22 MP: 3/3
  1038 | D:2      | Reached XP level 4. HP: 27/27 MP: 4/4
  1496 | D:3      | Reached skill level 4 in Maces & Flails
  1762 | D:3      | Reached XP level 5. HP: 32/32 MP: 5/5
  1778 | D:3      | Killed from afar by an orc priest

Vault maps used:
D:1:      lemuel_arrival_room
D:3:      first_ration

Skill      XL: |  1  2  3  4 |
---------------+-------------+-----
Armour         | 1 2 |  2.1
Fighting       | 3 |  3.2
Maces & Flails | 4 |  4.3
Dodging        | 3 |  3.0
Throwing       | |  1.7

Action                   |  1- 3 |  4- 6 || total
-------------------------+-------+-------++-------
Melee: Flail             |   111 |    78 ||   189
  Eat: Chunk             |     1 |     2 ||     3
Armor: Leather armour    |    58 |    42 ||   100
Dodge: Dodged            |    88 |    84 ||   172

Table legend:
 A = Spawn XP
 B = Non-spawn XP
 C = Spawn XP percentage of total XP
 D = Spawn monster count
 E = Non-spawn monster count
 F = Spawn count percentage of total count
 G = Total turns spent on level
                    A         B        C        D         E        F      G
               +---------+---------+-------+---------+---------+-------+---------
         Total |       0 |     208 |   0.0 |       0 |      58 |   0.0 |  1778
               +---------+---------+-------+---------+---------+-------+---------
           D:1 |       0 |      30 |   0.0 |       0 |      21 |   0.0 |   698
           D:2 |       0 |      87 |   0.0 |       0 |      24 |   0.0 |   649
           D:3 |       0 |      91 |   0.0 |       0 |      13 |   0.0 |   431
               +---------+---------+-------+---------+---------+-------+---------
